 Dungeon Sprint DCSS version 0.18.1-5-g4a78601 (webtiles) character file.

280 pipel the Severer (level 9, 46/89 HPs)
             Began as a Hill Orc Gladiator on May 14, 2016.
             Was a High Priest of Okawaru.
             Got out of the dungeon alive.
             The game lasted 00:06:46 (791 turns).

pipel the Severer (Hill Orc Gladiator)               Turns: 791, Time: 00:06:46

Health: 46/89      AC:  4    Str: 20    XL:     9   Next: 31%
Magic:  20/20      EV: 22    Int:  8    God:    Okawaru [*****.]
Gold:   420        SH:  0    Dex: 25    Spells: 0 memorised, 8 levels left

rFire  . . .     SeeInvis .     a - +3 battleaxe (chop)
rCold  . . .     Gourm    +     u - mottled dragon hide
rNeg   . . .     Faith    .     (shield currently unavailable)
rPois  +         Spirit   .     c - +0 helmet
rElec  +         Dismiss  .     (no cloak)
rCorr  +         Reflect  .     (no gloves)
SustAt +         Harm     .     (no boots)
MR     .....     NoTele   +     s - amulet of Xom's Righteous Fury {Gourm Int+3}
Stlth  ++........               r - ring of Serendipity {rCorr rElec rPois Int-3 Dex+6}
                                q - ring "Sapisa" {SustAt *Contam MP+9 Dex+7 Slay+4}

@: not resistant to hostile enchantments, unstealthy
A: no striking features
a: Heroism, Finesse, Renounce Religion


You escaped.
You worshipped Okawaru.
Okawaru was extremely pleased with you.
You were not hungry.

You visited 1 branch You collected 600 gold pieces.
You spent 180 gold pieces at shops.

Inventory:

Hand Weapons
 a - a +3 battleaxe of chopping (weapon)
 e - a +0 war axe
Missiles
 d - 3 throwing nets (quivered)
Armour
 b - a +0 leather armour
 c - a +0 helmet (worn)
 u - a mottled dragon hide (worn)
Jewellery
 p - the amulet "Voniox" {Inacc +Fly MP+9 Dex-3 Stlth+}
   (You bought it in a shop in the Dungeon)

   [amulet of inaccuracy]

   It reduces the accuracy of all your attacks.
   It affects your dexterity (-3).
   It affects your magic capacity (+9).
   It lets you fly.
   It makes you more stealthy.
 q - the ring "Sapisa" (left hand) {SustAt *Contam MP+9 Dex+7 Slay+4}
   (You bought it in a shop in the Dungeon)

   [ring of sustain attributes]

   It sustains your strength, intelligence and dexterity.
   It affects your dexterity (+7).
   It affects your accuracy and damage with ranged weapons and melee attacks
   (+4).
   It affects your magic capacity (+9).
   It causes magical contamination when unequipped.
 r - the ring of Serendipity (right hand) {rCorr rElec rPois Int-3 Dex+6}
   (You bought it in a shop in the Dungeon)

   [ring of resist corrosion]

   It affects your intelligence (-3).
   It affects your dexterity (+6).
   It insulates you from electricity.
   It protects you from poison.
 s - the amulet of Xom's Righteous Fury (around neck) {Gourm Int+3}
   (You bought it in a shop in the Dungeon)

   [amulet of the gourmand]

   It allows you to eat raw meat even when not hungry.
   It affects your intelligence (+3).
Wands
 m - a wand of acid (2/15)
 n - a wand of iceblast (0/15)
 t - a wand of slowing (27/48)
Scrolls
 k - 4 scrolls of blinking
 o - 3 scrolls of fog
Potions
 g - 2 potions of heal wounds
 h - 4 potions of haste
 i - 2 potions of magic
 j - a potion of berserk rage
 l - a potion of resistance
Comestibles
 f - a bread ration


   Skills:
 + Level 11.0 Fighting
 + Level 16.0 Axes
 - Level 3.2 Throwing
 + Level 5.3 Armour
 + Level 10.1 Dodging
 - Level 1.3 Stealth
 + Level 3.2 Invocations
 - Level 2.0 Evocations


You had 8 spell levels left.
You didn't know any spells.

Dungeon Overview and Level Annotations

Branches:
Dungeon (1/1)

Altars:
Cheibriados
Dithmenos
Fedhas
Gozag
Kikubaaqudgha
Makhleb
Okawaru
Pakellas
Qazlal
Ru
Sif Muna
Trog
Vehumet
Xom
Yredelemnul
Zin
The Shining One
Jiyva
Lugonu

Shops:
D *[%??*?*:[((!!!!

Annotations:
D Lernaean hydra


Message History

There is an entrance to Serimur's Distillery here.
Done exploring.
Unknown command.
There is a staircase leading out of the dungeon here.
You regained 2 hp, and now have 35/89 hp.
You start resting.
Get ready!
You regained 6 hp, and now have 41/89 hp.
You start resting.
ROUND 5!
BOSS ROUND!
You start resting.
A spiny frog comes into view.
You regained 4 hp, and now have 45/89 hp.
The 27-headed Lernaean hydra comes into view.
Drink which item? (? for menu, Esc to quit)
Okay, then.
Unknown command.
There is a staircase leading out of the dungeon here.
Are you sure you want to leave the Dungeon?
This will make you lose the game!
You have escaped!

#_......._# ###.........###
#⌠...........⌠#
######[8.........8.######
##∩___..†...###......_._∩##
###∩.....)..8.# #.8........∩###
##)............###.............##
#⌠.....(....###...###..........⌠#
#⌠.......(..# #.@.# #..........⌠#
#⌠.......(.[###...###..........⌠#
##.....[.(.....###.............##
###∩........8.# #.8........∩###
##∩_._......###......___∩##
######.8.D.......8.######
#⌠..%........§# ###.........###
#_......._#


You could see the 27-headed Lernaean hydra (wandering).

Vanquished Creatures
  A queen ant (D)
  Sigmund (D)
  A fire elemental (D)
  A fire bat (D)
  2 wraiths (D)
  4 mottled dragons (D)
  An ogre (D)
  2 wights (D)
  5 worker ants (D)
  A spectral adder (D)
  A spectral bat (D)
  2 bats (D)
  A giant cockroach (D)
  A kobold (D)
24 creatures vanquished.

Notes
Turn   | Place    | Note
--------------------------------------------------------------
     0 | D        | pipel the Hill Orc Gladiator began the quest for the Orb.
     0 | D        | Reached XP level 1. HP: 18/18 MP: 1/1
     1 | D        | Found a burning altar of Makhleb.
     1 | D        | Found a shadowy altar of Dithmenos.
     2 | D        | Found a viscous altar of Jiyva.
     3 | D        | Found an iron altar of Okawaru.
     3 | D        | Found a glowing silver altar of Zin.
     4 | D        | Found Revihe's Identification Station.
     4 | D        | Found a corrupted altar of Lugonu.
     4 | D        | Found a stormy altar of Qazlal.
     4 | D        | Found Nauz's Bee Food.
     5 | D        | Found Loaroent's Advanced Armour.
     5 | D        | Found Hicyrph's Jewellery.
     5 | D        | Round 1.
    11 | D        | Became a worshipper of Warmaster Okawaru
    19 | D        | Bought a scintillating bronze amulet for 45 gold pieces
    19 | D        | Bought a sparkling iron ring for 45 gold pieces
    19 | D        | Bought a pitted copper ring for 45 gold pieces
    19 | D        | Identified the amulet "Voniox" {Inacc +Fly MP+9 Dex-3 Stlth+} (You bought it in a shop in the Dungeon)
    21 | D        | Identified the ring "Sapisa" {SustAt *Contam MP+9 Dex+7 Slay+4} (You bought it in a shop in the Dungeon)
    22 | D        | Identified the ring of Serendipity {rCorr rElec rPois Int-3 Dex+6} (You bought it in a shop in the Dungeon)
    23 | D        | Bought a sparkling silver amulet for 45 gold pieces
    23 | D        | Identified the amulet of Xom's Righteous Fury {Gourm Int+3} (You bought it in a shop in the Dungeon)
    28 | D        | Found a glowing golden altar of the Shining One.
    30 | D        | Found a shimmering altar of Xom.
    30 | D        | Found Ostru's Magic Scroll Shop.
    31 | D        | Found Deheivocwo's Magic Scroll Shop.
    31 | D        | Found Seuqul's Must-Have Magic.
    32 | D        | Found an ancient bone altar of Kikubaaqudgha.
    32 | D        | Found Qaowul's Staff Store.
   120 | D        | Noticed an ogre
   124 | D        | Killed an ogre
   124 | D        | Reached * piety under Okawaru
   124 | D        | Reached skill level 7 in Axes
   124 | D        | Reached XP level 2. HP: 27/27 MP: 2/2
   124 | D        | Reached XP level 3. HP: 33/33 MP: 3/3
   124 | D        | Reached XP level 4. HP: 40/40 MP: 4/4
   130 | D        | Noticed Sigmund
   133 | D        | Killed Sigmund
   133 | D        | Reached ** piety under Okawaru
   133 | D        | Reached skill level 5 in Fighting
   133 | D        | Reached skill level 10 in Axes
   133 | D        | Reached skill level 1 in Stealth
   133 | D        | Reached skill level 1 in Evocations
   133 | D        | Reached XP level 5. HP: 49/49 MP: 6/6
   133 | D        | Reached XP level 6. HP: 56/56 MP: 7/7
   162 | D        | Found a snail-covered altar of Cheibriados.
   164 | D        | Found a sacrificial altar of Ru.
   165 | D        | Found Serimur's Distillery.
   165 | D        | Found an oddly glowing altar of Pakellas.
   165 | D        | Found a basalt altar of Yredelemnul.
   165 | D        | Found a blossoming altar of Fedhas.
   165 | D        | Found Uxaxa's Do-It-Yourself Clinic.
   166 | D        | Found Eguarho's Distillery.
   166 | D        | Found Pijenn Qyrho's Bottled Wisdom.
   169 | D        | Found an opulent altar of Gozag.
   171 | D        | Arena points: 14 (+14) [x2]
   177 | D        | Found a deep blue altar of Sif Muna.
   178 | D        | Found a bloodstained altar of Trog.
   179 | D        | Found a radiant altar of Vehumet.
   179 | D        | Found Guewas's Weapon Rack.
   179 | D        | Found Tuce's Premium Goods.
   180 | D        | Found Gewiopom's Basic Armour.
   180 | D        | Found Jote's Miscellaneous Merchandise.
   212 | D        | Round 2.
   265 | D        | Reached skill level 11 in Axes
   270 | D        | Noticed a queen ant
   302 | D        | Killed a queen ant
   302 | D        | Reached *** piety under Okawaru
   302 | D        | Reached **** piety under Okawaru
   302 | D        | Reached ***** piety under Okawaru
   302 | D        | Reached skill level 14 in Axes
   302 | D        | Reached skill level 1 in Invocations
   302 | D        | Reached XP level 7. HP: 23/69 MP: 8/8
   302 | D        | Reached XP level 8. HP: 26/77 MP: 9/9
   336 | D        | Arena points: 56 (+42) [x3]
   391 | D        | Round 3.
   475 | D        | Noticed a wraith
   485 | D        | Killed a wraith
   497 | D        | Noticed a wraith
   525 | D        | Killed a wraith
   525 | D        | Received a gift from Okawaru
   525 | D        | Arena points: 140 (+84) [x4]
   525 | D        | Reached skill level 15 in Axes
   570 | D        | Round 4.
   590 | D        | Reached skill level 10 in Fighting
   609 | D        | Reached XP level 9. HP: 15/85 MP: 11/11
   682 | D        | Reached skill level 5 in Armour
   693 | D        | Arena points: 280 (+140) [x5]
   693 | D        | Reached skill level 16 in Axes
   693 | D        | Reached skill level 10 in Dodging
   769 | D        | Round 5.
   788 | D        | Noticed a spiny frog
   788 | D        | Noticed the 27-headed Lernaean hydra
   791 | D        | Got out of the dungeon alive.

Skill      XL: |  1  2  3  4  5  6  7  8  9 |
---------------+----------------------------+-----
Fighting       | 3 5 8 10 11 | 11.0
Axes           | 7 10 14 15 16 | 16.0
Throwing       | 3 |  3.2
Dodging        | 4 6 8 9 10 | 10.1
Stealth        | 1 |  1.3
Evocations     | 1 2 |  2.0
Armour         | 3 4 5 |  5.3
Invocations    | 1 2 3 |  3.2

Action                   |  1- 3 |  4- 6 |  7- 9 || total
-------------------------+-------+-------+-------++-------
Melee: War axe           |     4 |    30 |    44 ||    78
       Punch             |       |     1 |     2 ||     3
       Battleaxe         |       |       |    21 ||    21
Invok: Heroism           |       |     1 |     3 ||     4
Evoke: Wand              |     2 |     3 |     3 ||     8
  Use: Potion            |       |     2 |     1 ||     3
 Stab: Distracted        |       |     1 |       ||     1
  Eat: Chunk             |       |     3 |     1 ||     4
Armor: Leather armour    |       |     2 |     4 ||     6
       Mottled dragon hi |       |       |     1 ||     1
Dodge: Dodged            |     7 |    20 |    49 ||    76
